 Dungeon Crawl Stone Soup version 0.26-a0-935-g3624241d3c (webtiles) character file.

Game seed: 6926846714803195382

42 ohmi the Bolt Thrower (level 3, 2/27 HPs)
             Began as a Formicid Hunter on Nov 26, 2020.
             Quit the game on level 1 of the Dungeon.
             The game lasted 00:02:49 (400 turns).

ohmi the Bolt Thrower (Formicid Hunter)              Turns: 400, Time: 00:02:50

Health: 2/27       AC:  3    Str: 13 (16) XL:     3   Next: 80%
Magic:  3/3        EV: 11    Int:  8 (11) God:
Gold:   22         SH:  0    Dex:  9 (11) Spells: 2/2 levels left

rFire    . . .     SeeInvis +   b - +0 short sword
rCold    . . .     Faith    .   (no shield)
rNeg     . . .     Spirit   .   c - +0 leather armour
rPois    .         Reflect  .   (helmet unavailable)
rElec    .         Harm     .   (no cloak)
rCorr    .         Rampage  .   (no gloves)
MR       .....                  (no boots)
Stlth    +.........             (no amulet)
HPRegen  0.09/turn              (no ring)
MPRegen  0.08/turn              (no ring)

@: brilliant, lethally poisoned (2 -> -1)
A: permanent stasis, dig shafts and tunnels, four strong arms, antennae 3
a: Dig, Shaft Self


You were on level 1 of the Dungeon.
You visited 1 branch of the dungeon, and saw 2 of its levels.

You collected 22 gold pieces.

Inventory:

Hand Weapons
 a - a +1 hand crossbow
 b - a +0 short sword (weapon)
Missiles
 d - 12 bolts
 e - 6 boomerangs (quivered)
Armour
 c - a +0 leather armour (worn)


   Skills:
 - Level 2.1 Fighting
 + Level 5.2 Crossbows
 - Level 1.7 Dodging
 - Level 1.2 Stealth


You had 2 spell levels left.
You didn't know any spells.
Your spell library was empty.

Dungeon Overview and Level Annotations

Branches:
Dungeon (2/15)

Altars:

Annotations:
D:2 Terence


Innate Abilities, Weirdness & Mutations

You cannot be hasted, slowed, berserked, paralysed or teleported.
You can dig through walls and to a lower floor.
Your four strong arms can wield two-handed weapons with a shield.
You have a pair of large antennae on your head. (SInv)


Message History

Okay, then.
It was a potion of brilliance.
You feel clever all of a sudden.
* * * LOW HITPOINT WARNING * * *
You feel sick. The adder misses you.
It was a potion of degeneration.
There was something very wrong with that liquid.
You feel weakened.
You feel dopey.
You feel clumsy. The adder bites you.
* * * LOW HITPOINT WARNING * * *
You hit the adder.
You kill the adder!
* * * LOW HITPOINT WARNING * * *
You feel sick.
Unknown command.
Unknown command.
* * * LOW HITPOINT WARNING * * *
You feel sick.
You aren't carrying any potions.
Are you sure you want to abandon this character and quit the game? (Confirm with "yes".)

#.###################...##
#.# #..........##......
#.# #.......##.##.#.##.
#.# #.......##.##.#.##.
#.# #.......##.#.......
#.# #.......##..#....#.
#.# #.......##.#...#.#.
#.# ###..........##......
#.# #...@.......###.##.##
#.# #.####(##.#.# #.##.##
#.# #.####.##.#.###.##.##
#.####.#....(.............
#........##(##...........#
######.####..##..####..#.#
#.......<#### #..#..
#######.## #..#.# ###
#.....


There were no monsters in sight!

Vanquished Creatures
  Natasha (D:2)
  An adder (D:1)
  2 giant cockroaches
  2 goblins
  A hobgoblin (D:1)
  A bat (D:1)
  A frilled lizard (D:1)
  A kobold (D:1)
10 creatures vanquished.

Notes
Turn   | Place    | Note
-------+----------+-------------------------------------------
     0 | D:1      | ohmi the Formicid Hunter began the quest for the Orb.
     0 | D:1      | Reached XP level 1. HP: 16/16 MP: 1/1
   279 | D:1      | Reached XP level 2. HP: 22/22 MP: 2/2
   348 | D:1      | You fall into a shaft and drop 1 floor!
   351 | D:2      | Noticed Natasha
   360 | D:2      | Killed Natasha
   361 | D:2      | Reached skill level 5 in Crossbows
   361 | D:2      | Reached XP level 3. HP: 22/27 MP: 3/3
   368 | D:2      | Noticed Terence
   400 | D:1      | Quit the game

Illustrated notes

Levels and vault maps discovered:
D:1:      saegor_arrival_simple_a, layout_loops_cross
D:2:      layout_rooms, chequers_ecumenical_altar_grove, uniq_sigmund,
          uniq_natasha, uniq_terence

Skill      XL: |  1  2 |
---------------+-------+-----
Crossbows      | 5 |  5.2
Fighting       | |  2.1
Dodging        | |  1.7
Stealth        | |  1.2

Action                   || total
-------------------------++-------
Melee: Short sword       ||    34
 Fire: Hand crossbow     ||     9
Throw: Boomerang         ||     4
 Abil: Dig               ||     1
  Use: Potion            ||     2
Armor: Leather armour    ||    18
Dodge: Dodged            ||    36

Table legend: (Time is in decaauts)
 A = Elapsed time spent in this place.
 B = Non-inter-level travel time spent in this place.
 C = Inter-level travel time spent in this place.
 D = Time resting spent in this place.
 E = Time spent auto-exploring this place.
 F = Levels seen in this place.
 G = Mean time per level.
                   A        B        C        D        E       F      G
               +--------+--------+--------+--------+--------+-----+--------+
         Total |    406 |    406 |      0 |      0 |    276 |   2 |  203.0 |
       Dungeon |    406 |    406 |      0 |      0 |    276 |   2 |  203.0 |
               +--------+--------+--------+--------+--------+-----+--------+

Top non-repeatable levels by time:
     D:1: 365 daAuts
     D:2: 41 daAuts
